 Dungeon Crawl Stone Soup version 0.32-a0-42-ga30500b4d3 (webtiles) character file.

Game seed: 17708963462715261992

589 CraigForest the Ruffian (level 7, -1/42 HPs)
             Began as a Gargoyle Fighter on Feb 2, 2024.
             Incinerated by a bombardier beetle (5 damage)
             ... with a burning spray
             ... on level 3 of the Dungeon.
             The game lasted 00:10:23 (1999 turns).

CraigForest the Ruffian (Gargoyle Fighter)          Turns: 1999, Time: 00:10:23

Health: -1/42      AC: 10    Str: 28    XL:     7   Next: 38%
Magic:  7/7        EV: 12    Int:  8    God:
Gold:   65         SH:  5    Dex: 15    Spells: 6/6 levels left

rFire   . .          .
                       - Unarmed
rCold   . . .        b - +0 buckler
rNeg    + . .        j - +1 troll leather armour
rPois   ∞            (no helmet)
rElec   +            (no cloak)
rCorr   .            (no gloves)
SInv    .            l - +0 pair of boots
Will    .....        (no amulet)
Stlth   +            o - +6 ring of strength
HPRegen 1.07/turn    s - +6 ring of dexterity
MPRegen 0.10/turn

%: no passive effects
@: on fire, glowing
A: sickness immunity, AC +4, negative energy resistance 1, electricity
resistance, torment resistance 1, petrification resistance
a: no special abilities


You were on level 3 of the Dungeon.
You visited 1 branch of the dungeon, and saw 4 of its levels.

You collected 106 gold pieces.
You spent 41 gold pieces at shops.

Inventory:

Hand Weapons
 d - a +2 whip of electrocution
Armour
 a - a +0 scale mail
 b - a +0 buckler (worn)
 j - a +1 troll leather armour (worn)
 l - a +0 pair of boots (worn)
 t - a +1 chain mail of willpower
Jewellery
 f - a ring of flight
 o - a +6 ring of strength (left hand)
 r - an amulet of faith
 s - a +6 ring of dexterity (right hand)
Talismans
 i - a beast talisman
Scrolls
 e - 2 scrolls of blinking
 k - 2 scrolls of fog
 p - 3 scrolls of identify
 q - a scroll of enchant weapon
 u - 3 scrolls of silence
Potions
 c - 3 potions of might
 g - 3 potions of heal wounds
 h - a potion of haste
 m - a potion of curing


   Skills:
 + Level 3.8 Fighting
 + Level 4.3 Armour
 + Level 1.8 Dodging
 + Level 1.2 Stealth
 + Level 4.6 Shields
 + Level 5.9 Unarmed Combat


You had 6 spell levels left.
You didn't know any spells.
Your spell library contained the following spells:

 Spells                   Type           Power      Damage    Failure   Level
 Lesser Beckoning         Tloc           0%         N/A       65%         2
 Gell's Gravitas          Tloc           0%         N/A       86%         3
 Teleport Other           Tloc           0%         N/A       86%         3


Dungeon Overview and Level Annotations

Branches:
Dungeon (4/15)
 Temple: D:4-7

Altars:
Wu Jian

Shops:
D:1 *


Innate Abilities, Weirdness & Mutations

You are immune to sickness and miasma.
Your stone body is resilient. (AC +4)
You are immune to poison.
You resist negative energy. (rN+)
You are resistant to electric shocks. (rElec)
You are resistant to unholy torment.
You are immune to petrification.


Message History

The bombardier beetle bites you but does no damage.
You punch the bombardier beetle!
The bombardier beetle is severely wounded.
You barely miss the bombardier beetle.
The bombardier beetle is severely wounded.
The bombardier beetle barely misses you.
An orc comes into view.
It is wielding a +0 club and wearing a +1 leather armour of willpower.
You hit the bombardier beetle.
The bombardier beetle is almost dead.
The bombardier beetle sprays incendiary fluid at you.
The burning spray hits you.
You are covered in liquid fire!
The orc moves out of view.
You barely miss the bombardier beetle.
The bombardier beetle is almost dead.
The liquid fire burns you!
You hit the bombardier beetle but do no damage.
The bombardier beetle is almost dead.
The liquid fire burns you!
The bombardier beetle sprays incendiary fluid at you.
The burning spray hits you.
You are even more covered in liquid fire!
You punch the bombardier beetle!
You kill the bombardier beetle!
The liquid fire burns you!
* * * LOW HITPOINT WARNING * * *
You shake off some of the fire as you move.
The liquid fire burns you!
* * * LOW HITPOINT WARNING * * *
There is a stone staircase leading up here.
The liquid fire burns you!
* * * LOW HITPOINT WARNING * * *
You shake off some of the fire as you move.
You climb upwards.
The liquid fire burns you!
* * * LOW HITPOINT WARNING * * *
There is a stone staircase leading down here.
You shake off some of the fire as you move.
The liquid fire burns you!
You die...

#####.#####....#..........####...
>...#.#####.......)..........####
###......##....##............####
.##...##.##...#####..........#..)
.##.####.#..#.#####...#..#####.##
....# #...##...[#....#..# ##.#
##..# #....####.#.#..#..####..##
##..# #†##.# #>#.##.....##.....
#...####.##.####@#........#..####
.......#.##...##.#......#........
.........####..#.............####
.#......## ###.....)...........#
........# ##.....#....##.....#.#
.....##.###...............#..#.##
###.......................#......
# ##.......##.......^.....##....#
# #............###.......###.#.#


There were no monsters in sight!

Vanquished Creatures
  Pikel (D:4)
  A lemure (D:3)
  A bombardier beetle (D:4)
  Terence (D:3)
  2 adders
  2 dart slugs
  2 ribbon worms (D:2)
  An orc (D:3)
  6 endoplasms
  2 giant cockroaches
  6 goblins
  5 hobgoblins
  3 jackals (D:2)
  9 kobolds
  4 ball pythons
  9 bats
  4 frilled lizards
  6 rats
65 creatures vanquished.

Notes
Turn   | Place    | Note
-------+----------+-------------------------------------------
     0 | D:1      | CraigForest the Gargoyle Fighter began the quest for the
                  | Orb.
     0 | D:1      | Reached XP level 1. HP: 14/14 MP: 1/1
    62 | D:1      | Found Boudo's Assorted Antiques.
   123 | D:1      | Reached XP level 2. HP: 19/19 MP: 2/2
   202 | D:1      | Found a faded altar of an unknown god.
   476 | D:1      | Bought a scroll labelled ZIERAK MEKOI for 22 gold pieces
   476 | D:1      | Bought an orange potion for 19 gold pieces
   501 | D:2      | Reached XP level 3. HP: 23/23 MP: 3/3
   921 | D:2      | Reached skill level 3 in Unarmed Combat
  1010 | D:2      | Reached XP level 4. HP: 28/28 MP: 4/4
  1407 | D:3      | Found an ornate altar of the Wu Jian Council.
  1674 | D:3      | Noticed Terence
  1695 | D:3      | Killed Terence
  1879 | D:3      | Reached XP level 5. HP: 32/32 MP: 5/5
  1934 | D:4      | Noticed Pikel
  1934 | D:4      | Noticed a lemure
  1934 | D:4      | Noticed a lemure
  1935 | D:4      | Noticed a lemure
  1936 | D:4      | Noticed a lemure
  1962 | D:3      | Killed a lemure
  1986 | D:4      | Killed Pikel
  1987 | D:4      | Reached skill level 1 in Dodging
  1987 | D:4      | Reached skill level 1 in Stealth
  1987 | D:4      | Reached skill level 5 in Unarmed Combat
  1987 | D:4      | Reached XP level 6. HP: 11/38 MP: 6/6
  1987 | D:4      | Reached XP level 7. HP: 12/42 MP: 7/7
  1998 | D:3      | HP: 2/42 [burnt (3)]
  1999 | D:3      | Incinerated by a bombardier beetle

Illustrated notes

Levels and vault maps discovered:
D:1:      roadster_arrival_rocket_small, layout_rooms, serial_shops,
          nicolae_shop_hallway_plus, shapermc_ecumenical_altar_mp_urbaneastern,
          dreamdust_mushroom_princess
D:2:      kennysheep_big_flooded_room, layout_loops_ring
D:3:      layout_rooms, nzn_wu_jian_contemplation, serial_bayou_lake_a,
          uniq_terence
D:4:      layout_loops_ring, mainiacjoe_overflow_cross_hatched, serial_shops,
          nicolae_shop_rolling_square, shop, shop, nicolae_ossuary_entry_plus,
          uniq_pikel

Skill      XL: |  1  2  3  4  5 |
---------------+----------------+-----
Unarmed Combat | 3 5 |  5.9
Shields        | 4 |  4.6
Armour         | 4 |  4.3
Dodging        | 1 |  1.8
Stealth        | 1 |  1.2
Fighting       | |  3.8

Action                     |  1- 3 |  4- 6 |  7- 9 || total
---------------------------+-------+-------+-------++-------
  Melee: Unarmed           |   158 |   115 |     8 ||   281
    Use: Scroll            |     4 |     8 |       ||    12
   Stab: Sleeping          |       |     1 |       ||     1
 Armour: Scale mail        |    56 |       |       ||    56
         Troll leather arm |    39 |    60 |     1 ||   100
  Dodge: Dodged            |    66 |    42 |     1 ||   109
  Block: Buckler           |    38 |    23 |       ||    61

Table legend: (Time is in decaauts)
 A = Elapsed time spent in this place.
 B = Non-inter-level travel time spent in this place.
 C = Inter-level travel time spent in this place.
 D = Time resting spent in this place.
 E = Time spent auto-exploring this place.
 F = Levels seen in this place.
 G = Mean time per level.
                   A        B        C        D        E       F      G
               +--------+--------+--------+--------+--------+-----+--------+
         Total |   2018 |   1962 |     56 |    130 |    951 |   4 |  504.5 |
       Dungeon |   2018 |   1962 |     56 |    130 |    951 |   4 |  504.5 |
               +--------+--------+--------+--------+--------+-----+--------+

Top non-repeatable levels by time:
     D:2: 771 daAuts
     D:3: 724 daAuts
     D:1: 481 daAuts
     D:4: 40 daAuts
